Map: Ascension to Aiur LE

Players

dggx - Winner!

  • Race: Protoss Protoss
  • League: Platinum
  • Spawn Location: 11:00

Yata

  • Race: Zerg Zerg
  • League: Platinum
  • Spawn Location: 5:00

VOD

Have the link to the VOD?

Description

Time

  • Played on: Oct. 3, 2017, 10:43 p.m.
  • Length: 9:02
Show
View Real Time Build Order
Export as new Build Order

dggx Protoss - Winner!

Build Orders: 1 Gate Expand, Oracle Opening, Phoenix Opening, Zealot Archon 

Get SALT Encoding   

  12  0:00  Probe (Chrono Boost)  
  13  0:11  Probe (Chrono Boost)  
  14  0:17  Pylon  
  14  0:22  Probe (Chrono Boost)  
  15  0:36  Probe (Chrono Boost)  
  15  0:39  Gateway  
  16  0:46  Probe (Chrono Boost)  
  17  0:50  Assimilator  
  18  0:57  Probe (Chrono Boost)  
  18  1:07  Probe (Chrono Boost)  
  19  1:18  Probe (Chrono Boost)  
  20  1:30  Nexus  
  20  1:39  Cybernetics Core  
  20  1:50  Assimilator, Probe (Chrono Boost)  
  20  1:53  Pylon  
  21  2:00  Probe (Chrono Boost)  
  22  2:20  Stargate  
  22  2:25  Adept (Chrono Boost)  
  22  2:28  Probe  
  25  2:33  Warp Gate  
  25  2:40  Probe  
  25  2:41  Probe  
  27  2:51  Probe  
  27  2:52  Adept (Chrono Boost)  
  27  2:56  Probe  
  31  3:02  Probe  
  32  3:05  Oracle (Chrono Boost)  
  32  3:08  Probe  
  36  3:15  Gateway  
  36  3:20  Gateway  
  36  3:27  Probe  
  36  3:29  Probe  
  38  3:37  Pylon, Phoenix (Chrono Boost), Probe  
  41  3:41  Probe  
  41  3:48  Probe  
  42  3:51  Assimilator  
  42  3:53  Probe  
  42  3:55  Assimilator  
  44  3:59  Oracle (Chrono Boost)  
  40  4:34  Probe  
  41  4:41  Twilight Council  
  41  4:42  Forge  
  41  4:43  Pylon, Probe  
  42  4:46  Probe  
  43  4:56  Zealot x3  
  43  4:58  Probe  
  50  5:02  Pylon  
  50  5:03  Robotics Facility  
  50  5:10  Probe  
  51  5:15  Protoss Ground Weapons Level 1  
  51  5:22  Probe  
  52  5:28  Charge (Chrono Boost)  
  52  5:32  Probe  
  53  5:49  Zealot x2  
  49  5:57  Zealot  
  49  6:00  Warp Prism  
  53  6:16  Probe x2  
  55  6:20  Nexus  
  55  6:21  Pylon  
  55  6:22  Gateway  
  55  6:28  Templar Archives, Probe  
  56  6:36  Gateway  
  56  6:41  Probe  
  57  7:03  Gateway  
  57  7:05  Gateway  
  57  7:07  Gateway  
  57  7:10  High Templar x2  
  57  7:11  High Templar  
  63  7:21  High Templar  
  65  7:22  Archon  
  65  7:28  Archon  
  65  7:37  Mothership Core  
  65  7:43  Zealot x3  
  65  7:44  Zealot  
  75  7:49  Pylon  
  75  7:52  Pylon  
  75  7:55  Zealot  
  77  8:01  Zealot x3  
  81  8:27  Zealot x8  
Show
View Real Time Build Order
Export as new Build Order

Yata Zerg 

Build Orders: Hatch First 

Get SALT Encoding   

  12  0:01  Drone  
  13  0:12  Overlord  
  13  0:19  Drone  
  14  0:30  Drone x2  
  14  0:34  Drone  
  17  0:54  Hatchery  
  16  0:57  Drone  
  16  1:00  Drone  
  18  1:10  Extractor  
  17  1:16  Spawning Pool  
  17  1:18  Drone  
  17  1:21  Drone  
  18  1:31  Drone  
  19  1:39  Overlord  
  19  1:55  Drone  
  20  2:03  Queen  
  20  2:05  Queen  
  20  2:06  Zergling x2  
  20  2:07  Zergling x2  
  26  2:13  Drone  
  27  2:18  Drone  
  27  2:20  Metabolic Boost  
  28  2:23  Drone  
  29  2:34  Drone x2, Baneling Nest  
  30  2:38  Evolution Chamber  
  30  2:43  Drone x2  
  31  3:01  Drone x3  
  34  3:11  Drone x2  
  36  3:15  Overlord  
  36  3:16  Overlord x2  
  35  3:34  Drone x2  
  35  3:35  Drone x4  
  41  3:42  Zerg Melee Weapons Level 1  
  41  3:47  Extractor, Drone x3  
  43  3:53  Extractor  
  41  4:10  Spore Crawler  
  41  4:11  Spore Crawler  
  41  4:12  Queen  
  41  4:13  Queen  
  41  4:38  Spore Crawler  
  40  4:40  Drone x4  
  40  4:41  Drone x3  
  47  4:46  Spore Crawler  
  48  4:56  Pneumatized Carapace  
  48  5:02  Zergling x20  
  48  5:04  Hatchery  
  57  5:10  Lair  
  54  5:27  Drone x2  
  48  5:53  Queen  
  48  5:56  Zerg Missile Weapons Level 1  
  46  6:07  Drone  
  46  6:08  Drone x5  
  46  6:09  Overlord x2  
  46  6:10  Overlord x3  
  52  6:27  Queen x2  
  56  6:37  Spore Crawler  
  56  6:38  Spore Crawler  
  54  6:42  Drone x3  
  54  6:43  Drone x9  
  62  7:11  Hydralisk Den  
  61  7:16  Infestation Pit  
  60  7:32  Queen  
  60  7:33  Queen x2  
  66  7:41  Hydralisk  
  66  7:42  Hydralisk x10  
  66  7:43  Hydralisk  
  90  7:48  Overlord  
  90  8:04  Hatchery  
  85  8:13  Zergling x30  
  71  8:34  Zergling x2  
  71  8:35  Zergling x14  
Tags
 
Add a new tag
Caveats
  • Supply blocks, unpowered buildings, or Contaminate may cause inaccurate times.
  • Supply counts are checked every 10 seconds.